 Dungeon Crawl Stone Soup version 0.24-a0-512-g2b48af375b (webtiles) character file.

Game seed: 11596794048720957840

0 Gargoyl the Skirmisher (level 1, -4/19 HPs)
             Began as a Centaur Abyssal Knight on July 20, 2019.
             Was a Follower of Lugonu.
             Slain by a fire elemental (14 damage)
             ... on level 1 of the Abyss.
             The game lasted 00:01:27 (271 turns).

Gargoyl the Skirmisher (Centaur Abyssal Knight)      Turns: 271, Time: 00:01:28

Health: -4/19      AC:  4    Str: 14    XL:     1   Next: 0%
Magic:  2/2        EV:  9    Int: 11    God:    Lugonu [*.....]
Gold:   0          SH:  0    Dex:  8    Spells: 0/0 levels left

rFire    . . .     SeeInvis .   a - +1 hand axe
rCold    . . .     Gourm    .   (no shield)
rNeg     . . .     Faith    .   b - +0 leather armour
rPois    .         Spirit   .   (no helmet)
rElec    .         Reflect  .   (no cloak)
rCorr    .         Harm     .   (no gloves)
MR       .....                  (no barding)
Stlth    ..........             (no amulet)
HPRegen  0.06/turn              (no ring)
MPRegen  0.08/turn              (no ring)

@: confused, very quick
A: large, hooves 3, deformed body, speed 2, tough skin 3
a: Depart the Abyss, Renounce Religion


You were on level 1 of the Abyss.
You worshipped Lugonu.
Lugonu was aware of your devotion.
You were not hungry.

You visited 0 branches of the dungeon, and saw 0 of its levels.
You visited the Abyss 1 time.

Inventory:

Hand Weapons
 a - a +1 hand axe (weapon)
Armour
 b - a +0 leather armour (worn)
Comestibles
 c - 2 rations


   Skills:
 + Level 3.0 Fighting
 + Level 1.7 Axes
 + Level 1.3 Armour
 + Level 0.6 Dodging
 + Level 2.0 Invocations


You couldn't memorise any spells.
You didn't know any spells.
Your spell library was empty.

Dungeon Overview and Level Annotations

Branches:
Dungeon (0/15)

Altars:


Innate Abilities, Weirdness & Mutations

You have hooves in place of feet.
Armour fits poorly on your strangely shaped body.
You cover ground very quickly.
You have extremely tough skin. (AC +3)


Message History

Found a scroll labeled PUREEXO ILOGRO.
An ufetubus comes into view.
The ufetubus shouts!
A golden eye comes into view.
The golden eye turns its gaze towards you.
The golden eye blinks at you.
You are confused.
You bump into the rock wall.
The golden eye blinks at you.
You are more confused.
The golden eye blinks at you.
You are more confused.
You bump into the stone wall.
The golden eye blinks!
The golden eye blinks!
You bump into the stone wall.
The ufetubus misses you. The ufetubus barely misses you.
The ufetubus hits you but does no damage. x2
The fire elemental hits you. The fire elemental burns you!
Ouch! That really hurt!
You die...

#. #. # . #.#
#§G#... # #..§#.
.# #.#..## ...
## .#....#..#.
#. .#.§.#.?...
#.#.##@.§#
#.##5E###
#...#○# #.
#...°#.# #. .
#...#°# #... ..
#.#.###○#.#.....
# ## .##..#..# .
## #...#.. #.#
#.#.## #.. ..


You could see a fire elemental, a golden eye and an ufetubus.

Vanquished Creatures (others)
  A large abomination (Abyss:1)
  6 starspawn tentacles (Abyss:1)
7 creatures vanquished.

Notes
Turn   | Place    | Note
-------+----------+-------------------------------------------
     0 | Abyss:1  | Gargoyl the Centaur Abyssal Knight began the quest for the
                  | Orb.
     0 | Abyss:1  | Reached XP level 1. HP: 19/19 MP: 2/2
    69 | Abyss:1  | Noticed an iron imp
   120 | Abyss:1  | Noticed an iron imp
   125 | Abyss:1  | Noticed a tentacled starspawn
   137 | Abyss:1  | Noticed an ancient zyme
   140 | Abyss:1  | Noticed a water elemental
   141 | Abyss:1  | Noticed a fire elemental
   161 | Abyss:1  | Noticed a fire elemental
   165 | Abyss:1  | Noticed a water elemental
   170 | Abyss:1  | Noticed a sixfirhy
   175 | Abyss:1  | Noticed a large abomination
   209 | Abyss:1  | Noticed a large abomination
   219 | Abyss:1  | Noticed a silent spectre
   221 | Abyss:1  | Noticed a large abomination
   225 | Abyss:1  | Noticed a large abomination
   256 | Abyss:1  | Killed a large abomination
   265 | Abyss:1  | Noticed a golden eye
   271 | Abyss:1  | Slain by a fire elemental

Levels and vault maps discovered:
Abyss:1

Action                   || total
-------------------------++-------
Armor: Leather armour    ||     4
Dodge: Dodged            ||     2

Table legend:
 A = Non-vault XP
 B = Vault XP
 C = Vault XP percentage of total XP
 D = Non-vault monster count
 E = Vault monster count
 F = Vault count percentage of total count
                 A         B        C        D         E       F
            +---------+---------+-------+---------+---------+-------
      Total |       0 |       0 |   N/A |       0 |       0 |  -nan
            +---------+---------+-------+---------+---------+-------
            +---------+---------+-------+---------+---------+-------
